 Dungeon Crawl Stone Soup version 0.16.2-12-gd0ad4c3 (webtiles) character file.

39 faibistes the Cudgeler (level 3, -2/36 HPs)
             Began as an Ogre Warper on Dec 8, 2017.
             Slain by Sigmund
             ... wielding a +0 scythe
              (13 damage)
             ... on level 2 of the Dungeon.
             The game lasted 00:04:04 (1510 turns).

faibistes the Cudgeler (Ogre Warper)                Turns: 1510, Time: 00:04:04

Health: -2/36      AC:  3    Str: 16    XL:     3   Next: 45%
Magic:  5/7        EV: 10    Int: 13    God:
Gold:   6          SH:  0    Dex:  9    Spells: 3 memorised, 3 levels left

rFire  . . .     SeeInvis .     a - +0 mace
rCold  . . .     Clarity  .     b - +0 robe
rNeg   . . .     SustAb   .     (shield restricted)
rPois  .         Gourm    .     (helmet restricted)
rElec  .         Spirit   .     (no cloak)
rCorr  .         Warding  .     (gloves unavailable)
rMut   +         Stasis   .     (boots unavailable)
MR     .....                    u - amulet of resist mutation
Stlth  +.........               (no ring)
                                (no ring)

@: not resistant to hostile enchantments, very unstealthy
A: unfitting armour, tough skin 1
a: no special abilities


You were on level 2 of the Dungeon.
You were not hungry.

You visited 1 branch of the dungeon, and saw 2 of its levels.

You collected 6 gold pieces.

Inventory:

Hand weapons
 a - a +0 mace (weapon)
Missiles
 e - a tomahawk of dispersal (quivered)
Armour
 b - a +0 robe (worn)
Jewellery
 u - an amulet of resist mutation (around neck)
Scrolls
 d - a scroll of blinking
 i - 2 scrolls of magic mapping {unknown}
 j - a scroll of remove curse {unknown}
 m - 3 scrolls of identify {unknown}
 v - a scroll of immolation {unknown}
 x - a scroll of teleportation {unknown}
 y - a scroll of enchant weapon {unknown}
Potions
 g - a potion of magic {unknown}
 h - a potion of mutation {unknown}
 n - 2 potions of flight {unknown}
 o - a potion of might {unknown}
 p - a potion of haste {unknown}
 q - a potion of lignification {unknown}
 s - a potion of curing {unknown}
 t - a potion of agility {unknown}
Books
 c - a book of Spatial Translocations

   Spells                             Type                      Level
   a - Apportation                    Translocation                1
   b - Blink                          Translocation                2
   c - Shroud of Golubria             Charms/Translocation         2
   d - Portal Projectile              Translocation                3
   e - Teleport Other                 Translocation                3
   f - Passage of Golubria            Translocation                4
Comestibles
 f - a meat ration
 l - a beef jerky
 r - a bread ration
 w - 2 chunks of flesh


   Skills:
 + Level 2.8 Fighting
 * Level 3.1 Maces & Flails
 * Level 2.1 Throwing
 + Level 0.7 Armour
 - Level 1.7 Dodging
 * Level 3.0 Spellcasting
 * Level 2.4 Translocations


You had 3 spell levels left.
You knew the following spells:

 Your Spells              Type           Power        Failure   Level  Hunger
a - Apportation           Tloc           #.........   10%         1    #......
c - Shroud of Golubria    Chrm/Tloc      #.........   24%         2    ###....
d - Blink                 Tloc           N/A          14%         2    ###....


Dungeon Overview and Level Annotations

Branches:
Dungeon (2/15)

Altars:

Annotations:
D:2 Sigmund


Innate Abilities, Weirdness & Mutations

You are too large for most types of armour.
You have tough skin (AC +1).


Message History

You closely miss Sigmund.
Sigmund is heavily wounded.
Sigmund mumbles some strange words.
Sigmund flickers and vanishes!
Deactivating autopickup; reactivate with Ctrl-A.
You swing at nothing.
Something hits you!
You completely miss something. Something hits you but does no damage.
You closely miss something.
You feel less confused.
You hear some strange, mumbled words.
The puff of flame hits you!
Casting: Shroud of Golubria
Confirm with . or Enter, or press ? or * to list all spells.
Space distorts slightly along a thin shroud covering your body.
Something hits you.
* * * LOW HITPOINT WARNING * * *
Your shroud falls apart!
Found a robe.
Something hits you!
You die...

. #.. .. . #.# .#
#.##<##.# . # #.......#
#.... ##......# #...#
#.#....# #...# ##.#.#..##
#...# #..........
####...##### #.@.....#.
.#..........###.#....##..
...............{.......[..
#..........###.((.(.##..
####...##### ####..##
#...# .... #...# ..## ##
#...# ... .#####.##


There were no monsters in sight!

Vanquished Creatures
  A gnoll (D:1)
  A worm (D:2)
  4 bats
  2 goblins (D:1)
  5 hobgoblins (D:1)
  3 giant cockroaches
  3 kobolds (D:1)
  2 rats (D:1)
21 creatures vanquished.

Notes
Turn   | Place    | Note
--------------------------------------------------------------
     0 | D:1      | faibistes, the Ogre Warper, began the quest for the Orb.
     0 | D:1      | Reached XP level 1. HP: 22/22 MP: 3/3
    77 | D:1      | Reached skill level 3 in Maces & Flails
    77 | D:1      | Reached XP level 2. HP: 2/29 MP: 5/5
    86 | D:1      | Learned a level 2 spell: Blink
    89 | D:1      | Learned a level 2 spell: Shroud of Golubria
   940 | D:1      | Reached XP level 3. HP: 36/36 MP: 6/6
  1490 | D:2      | Noticed Sigmund
  1510 | D:2      | Slain by Sigmund

Action                   || total
-------------------------++-------
Melee: Mace              ||    62
Throw: Javelin           ||     6
       Tomahawk          ||     4
 Cast: Shroud of Golubri ||     4
  Eat: Chunk             ||     2
